 Dungeon Crawl Stone Soup version 0.27.1-33-g824d729ab1 (webtiles) character file.

Game seed: 2471974632727882379

697 pkoi the Ruffian (level 7, 0/55 HPs)
             Began as a White Draconian Gladiator on Dec 15, 2021.
             Was a Believer of Nemelex Xobeh.
             Slain by a water moccasin (8 damage)
             ... on level 6 of the Dungeon.
             The game lasted 00:05:09 (5632 turns).

pkoi the Ruffian (White Draconian Gladiator)        Turns: 5632, Time: 00:05:10

Health: 0/55       AC:  7    Str: 17    XL:     7   Next: 38%
Magic:  10/10      EV: 12    Int: 10    God:    Nemelex Xobeh [**....]
Gold:   215        SH:  0    Dex: 12    Spells: 6/6 levels left

rFire    . . .     SeeInvis .     - Unarmed
rCold    + . .     Faith    .   (no shield)
rNeg     . . .     Spirit   .   (armour unavailable)
rPois    .         Reflect  .   a - +1 hat
rElec    .         Harm     .   (no cloak)
rCorr    .         Rampage  .   (no gloves)
Will     .....                  (no boots)
Stlth    +.........             (no amulet)
HPRegen  0.18/turn              (no ring)
MPRegen  0.12/turn              (no ring)

@: lethally poisoned (0 -> -22), short of breath, studying Summonings, invisible
A: breathe frost, AC +6, unfitting armour, cold resistance 1, cold-blooded
a: Breathe Frost, Renounce Religion, Draw Escape, Draw Destruction, Draw
Summoning


You were on level 6 of the Dungeon.
You worshipped Nemelex Xobeh.
Nemelex Xobeh was pleased with you.
You visited 2 branches of the dungeon, and saw 7 of its levels.

You collected 215 gold pieces.

Inventory:

Missiles
 b - 3 throwing nets (quivered)
 j - 6 atropa-tipped darts
Armour
 a - a +1 hat (worn)
Jewellery
 h - a +4 ring of protection
Wands
 e - a wand of mindburst (12)
 g - a wand of acid (7)
Scrolls
 f - 4 scrolls of identify
 m - 2 scrolls of holy word
Potions
 c - a potion of attraction
 d - a potion of invisibility
 i - a potion of cancellation
 k - a potion of lignification {unknown}
 l - a potion of magic {unknown}


   Skills:
 - Level 2.1 Fighting
 - Level 1.7 Throwing
 - Level 2.6 Dodging
 * Level 7.3 Unarmed Combat
 + Level 4.9 Invocations


You had 6 spell levels left.
You didn't know any spells.
Your spell library contained the following spells:

 Spells                   Type           Power      Damage    Failure   Level
 Beastly Appendage        Tmut           0%         N/A       36%         1
 Corona                   Hex            0%         N/A       36%         1
 Sandblast                Erth           0%         2d4       36%         1
 Ensorcelled Hibernation  Hex/Ice        0%         N/A       50%         2
 Passwall                 Tmut/Erth      0%         N/A       50%         2
 Slow                     Hex            0%         N/A       50%         2
 Wereblood                Tmut           0%         N/A       50%         2
 Confusing Touch          Hex            0%         N/A       75%         3
 Spider Form              Tmut/Pois      0%         N/A       75%         3
 Tukima's Dance           Hex            0%         N/A       75%         3
 Lee's Rapid Deconstruct  Erth           0%         3d5*      100%        5
 Yara's Violent Unravell  Hex/Tmut       0%         3d3       100%        5


Dungeon Overview and Level Annotations

Branches:
Dungeon (6/15)             Temple (1/1) D:5

Altars:
Ashenzari
Cheibriados
Dithmenos
Elyvilon
Gozag
Hepliaklqana
Kikubaaqudgha
Makhleb
Nemelex Xobeh
Qazlal
Ru
Sif Muna
Trog
Uskayaw
Vehumet
Wu Jian
Xom
Yredelemnul
The Shining One


Innate Abilities, Weirdness & Mutations

You can breathe waves of freezing cold which knock back foes.
Your icy white scales are hard. (AC +6)
You cannot fit into any form of body armour.
Your flesh is cold resistant. (rC+)
You are cold-blooded and may be slowed by cold attacks.


Message History

You are too injured to fight recklessly!
You are too injured to fight recklessly!
You are too injured to fight recklessly!
You are too injured to fight recklessly!
You are too injured to fight recklessly!
You are too injured to fight recklessly!
You are too injured to fight recklessly!
You are too injured to fight recklessly!
You are too injured to fight recklessly!
You are too injured to fight recklessly!
You are too injured to fight recklessly!
You are too injured to fight recklessly!
You are too injured to fight recklessly!
You are too injured to fight recklessly!
You are too injured to fight recklessly!
You closely miss the water moccasin.
The water moccasin is heavily wounded.
You feel very sick.
The water moccasin bites you but does no damage.
You hit the water moccasin.
The water moccasin is severely wounded.
You feel very sick. The water moccasin bites you!
* * * LOW HITPOINT WARNING * * *
You are lethally poisoned!
The water moccasin poisons you! The water moccasin closely misses you.
You closely miss the water moccasin.
Your tail-slap misses the water moccasin.
Your punch misses the water moccasin.
The water moccasin is severely wounded.
* * * LOW HITPOINT WARNING * * *
You feel extremely sick. The water moccasin closely misses you.
It was a potion of invisibility.
You fade into invisibility!
* * * LOW HITPOINT WARNING * * *
You feel extremely sick. The water moccasin bites you!
You die...
Your body disappears without a glow.

#..###....## ..
#...##....# .
###.......#
##......##
##......###
##......... #
##...........
#...####............
#.....@............
##...S###..........
#..... ##...##..$.
...#... #..## ... ..
#... #..# . ##.. #.#
#.. .. #".


You could see a water moccasin.

Vanquished Creatures
  A sky beast (D:5)
  A black bear (D:5)
  A centaur (D:5)
  A phantom (D:6)
  A scorpion (D:6)
  A hound (D:5)
  A jelly (D:5)
  Natasha (thrice) (D:4)
  A killer bee zombie (D:3)
  A howler monkey zombie (D:5)
  4 adders
  An adder skeleton (D:4)
  A worm (D:3)
  A dart slug (D:1)
  5 bats
  7 endoplasms
  8 giant cockroaches
  6 goblins
  5 hobgoblins
  2 iguanas
  8 jackals
  6 kobolds
  3 quokkas
  6 ball pythons
  3 frilled lizards
  6 rats
84 creatures vanquished.

Notes
Turn   | Place    | Note
-------+----------+-------------------------------------------
     0 | D:1      | pkoi the Draconian Gladiator began the quest for the Orb.
     0 | D:1      | Reached XP level 1. HP: 17/17 MP: 1/1
    58 | D:1      | Found a faded altar of an unknown god.
   168 | D:1      | Became a worshipper of Nemelex Xobeh the Trickster
   168 | D:1      | Reached * piety under Nemelex Xobeh
   208 | D:1      | Reached XP level 2. HP: 11/24 MP: 2/2
   212 | D:1      | Reached skill level 1 in Invocations
   222 | D:1      | HP: 1/24 [goblin (2)]
   679 | D:1      | Received a gift from Nemelex Xobeh
  1077 | D:1      | Reached XP level 3. HP: 18/29 MP: 4/4
  1336 | D:1      | Reached skill level 4 in Unarmed Combat
  1999 | D:2      | Received a gift from Nemelex Xobeh
  2169 | D:2      | Reached ** piety under Nemelex Xobeh
  2288 | D:3      | Reached XP level 4. HP: 17/36 MP: 5/5
  3049 | D:4      | Noticed Natasha
  3064 | D:4      | Killed Natasha
  3065 | D:4      | Reached skill level 5 in Unarmed Combat
  3166 | D:4      | Reached XP level 5. HP: 33/41 MP: 7/7
  3317 | D:4      | Noticed Natasha
  3337 | D:4      | Killed Natasha
  3415 | D:4      | Noticed Edmund
  3425 | D:4      | Noticed Edmund
  3425 | D:4      | Edmund changed into Edmund the giant cockroach
  3429 | D:4      | Killed Edmund the giant cockroach
  3514 | D:4      | Noticed Natasha
  3525 | D:4      | Killed Natasha
  3947 | D:5      | Entered Level 5 of the Dungeon
  4134 | D:5      | Found a staircase to the Ecumenical Temple.
  4150 | Temple   | Entered the Ecumenical Temple
  4268 | D:5      | Found a shimmering altar of Xom.
  4369 | D:5      | Noticed a sky beast
  4385 | D:5      | Killed a sky beast
  4386 | D:5      | Reached skill level 6 in Unarmed Combat
  4386 | D:5      | Reached XP level 6. HP: 16/48 MP: 8/8
  5057 | D:5      | Your scales start taking on an icy white colour.
  5057 | D:5      | Reached XP level 7. HP: 50/55 MP: 10/10
  5057 | D:5      | Gained mutation: Your flesh is cold resistant. (rC+) [White
                  | Draconian growth]
  5161 | D:6      | Received a gift from Nemelex Xobeh
  5190 | D:6      | Reached skill level 7 in Unarmed Combat
  5632 | D:6      | Slain by a water moccasin

Illustrated notes

Levels and vault maps discovered:
D:1:      dpeg_arrival_rooms_a, layout_loops_ring,
          hellmonk_ecumenical_altar_run_dry
D:2:      layout_basic
D:3:      layout_rooms
D:4:      layout_loops_ring, uniq_natasha, uniq_edmund
D:5:      layout_cave_pools, dk_xom_monty_hall, minmay_temple_entry_wispy
D:6:      corexii_shantytown, layout_layer_cave, old_standard_altar,
          uniq_prince_ribbit1
Temple:   compressed_dpeg_circular_temple

Skill      XL: |  1  2  3  4  5  6  7 |
---------------+----------------------+-----
Invocations    | 1 2 3 4 |  4.9
Unarmed Combat | 4 5 6 7 |  7.3
Fighting       | |  2.1
Throwing       | |  1.7
Dodging        | |  2.6

Action                   |  1- 3 |  4- 6 |  7- 9 || total
-------------------------+-------+-------+-------++-------
Melee: Unarmed           |   174 |   141 |    43 ||   358
       Tailslap          |    13 |    12 |     8 ||    33
       Punch             |     3 |     4 |       ||     7
Invok: Draw Destruction  |     2 |     8 |       ||    10
 Abil: Breathe Frost     |       |       |     1 ||     1
Evoke: Wand              |       |     3 |       ||     3
  Use: Scroll            |       |     8 |       ||     8
       Potion            |       |     1 |     1 ||     2
 Stab: Sleeping          |       |       |     1 ||     1
Armor: Skin              |    54 |    48 |     9 ||   111
Dodge: Dodged            |   116 |    92 |    12 ||   220
